 Dungeon Crawl Stone Soup version 0.15.2 (webtiles) character file.

3060 kae the Frost Mage (level 9, -5/57 HPs)
             Began as a Demonspawn Ice Elementalist on Mar 4, 2015.
             Was a Follower of Vehumet.
             Killed by divine providence
             ... invoked by an orc priest
              (13 damage)
             ... on Level 9 of the Dungeon.
             The game lasted 00:16:02 (8750 turns).

kae the Frost Mage (Demonspawn Ice Elementalist)    Turns: 8750, Time: 00:16:02

HP  -5/57        AC 10     Str  8      XL: 9   Next: 57%
MP  27/32        EV 12     Int 19      God: Vehumet [*.....]
Gold 531         SH  0     Dex 13      Spells:  3 memorised, 14 levels left

rFire  . . .     SeeInvis .     j - +1 dagger
rCold  + . .     Clarity  .     a - +0 robe
rNeg   . . .     rCorr    .     (no shield)
rPois  .         rRot     .     (helmet restricted)
rElec  .         Spirit   .     n - +0 cloak
SustAb .         Warding  .     (no gloves)
rMut   .         Stasis   .     (no boots)
Gourm  .                        (no amulet)
MR     .....                    M - ring of protection from cold
                                e - ring of magical power

@: not resistant to hostile enchantments, fairly stealthy
A: horns 2, rough black scales 2, nightstalker 1, powered by death 1
a: Renounce Religion


You were on level 9 of the Dungeon.
You worshipped Vehumet.
Vehumet was aware of your devotion.
You were hungry.

You visited 1 branch of the dungeon, and saw 9 of its levels.

You collected 531 gold pieces.

Inventory:

Hand weapons
 j - a +1 dagger (weapon)
Armour
 a - a +0 robe (worn)
 n - a +0 cloak (worn)
Magical devices
 q - a wand of draining (5)
 z - a wand of lightning (6)
 D - a wand of flame (15)
Comestibles
 c - 9 bread rations
 g - 3 meat rations
 t - 2 fruits
 x - a royal jelly
 F - a beef jerky
Scrolls
 d - 5 scrolls of identify
 i - a scroll of random uselessness {unknown}
 k - a scroll of remove curse
 l - a scroll of magic mapping
 y - 4 scrolls of teleportation
Jewellery
 e - a ring of magical power (left hand)
 o - an uncursed ring of stealth
 A - an uncursed ring of teleportation
 M - a ring of protection from cold (right hand)
Potions
 f - a potion of haste
 h - a potion of porridge
 m - a potion of lignification
 p - a potion of resistance {unknown}
 r - 3 potions of curing
 u - a potion of brilliance {unknown}
 v - 2 potions of invisibility {unknown}
 w - a potion of degeneration {unknown}
 E - 2 potions of agility {unknown}
 J - a potion of heal wounds {unknown}
 K - a potion of might {unknown}
Books
 b - a book of Frost

   Spells                             Type                      Level
   *Freeze                            Ice                          1
   *Throw Frost                       Conjuration/Ice              2
   Ozocubu's Armour                   Charms/Ice                   3
   *Throw Icicle                      Conjuration/Ice              4
   Summon Ice Beast                   Ice/Summoning                4
   Condensation Shield                Ice                          4
Rods
 L - a +0 rod of destruction (9/9)
   (You found it on level 8 of the Dungeon)


   Skills:
 - Level 1.7 Dodging
 - Level 1.7 Stealth
 + Level 6.5 Spellcasting
 + Level 6.4 Conjurations
 * Level 9.3 Ice Magic


You had 14 spell levels left.
You knew the following spells:

 Your Spells              Type           Power        Failure   Level  Hunger
a - Freeze                Ice            ####         1%          1    None
b - Throw Frost           Conj/Ice       #####.       1%          2    None
c - Throw Icicle          Conj/Ice       #####...     4%          4    ####...


Dungeon Overview and Level Annotations

Branches:
Dungeon (9/15)             Temple (0/1) D:6
    Orc: D:9-12        Lair: D:8-11

Altars:
Fedhas
Kikubaaqudgha
Nemelex Xobeh
Qazlal
Trog
Vehumet


Innate Abilities, Weirdness & Mutations

You have a pair of horns on your head.
You are mostly covered in rough black scales (AC +7, Dex -2).
You are slightly more attuned to the shadows.
You can steal the life force of nearby defeated enemies.


Message History

Aiming: Throw Frost
Press: ? - help, Shift-Dir - straight line, f/p - orc warrior
Aim: an orc warrior, wielding a glaive and wearing a chain mail (heavily wounded)
The puff of frost hits the orc warrior.
The orc warrior is almost dead.
The orc warrior barely misses you.
The orc priest mumbles some strange prayers to Beogh against you.
Something smites you!
* * * LOW HITPOINT WARNING * * *
Casting: Throw Frost
Confirm with . or Enter, or press ? or * to list all spells.
Aiming: Throw Frost
Press: ? - help, Shift-Dir - straight line, f/p - orc warrior
Aim: an orc warrior, wielding a glaive and wearing a chain mail (almost dead)
The puff of frost misses the orc warrior.
The orc warrior hits you from afar with a glaive.
* * * LOW HITPOINT WARNING * * *
The orc priest mumbles some strange prayers to Beogh against you.
Something smites you!
You die...

#........o
#.Z.......
#.....oo...
#.......(..
#..oZ......# #o###
#.o.# ###.## ##+
#.@## #....# ##..#
#....+ ####)####
#....# #.......#
#....# #.......#
#....# #.......#
#....# #.......###
#.<.(# #.........##
#.(..#
#.......#..###))..#


You could see an orc warrior, an orc priest, an orc and a crocodile zombie.

Vanquished Creatures
  Prince Ribbit (D:5)
  Menkaure (D:5)
  A black bear (D:7)
  2 orc warriors
  2 ogres
  2 sky beasts (D:5)
  2 phantoms
  A crocodile (D:8)
  A centaur (D:6)
  2 big kobolds
  Duvessa (D:5)
  4 giant frogs
  2 scorpions
  A goliath beetle (D:6)
  Dowan (D:5)
  5 iguanas
  A black bear zombie (D:8)
  A centaur zombie (D:7)
  3 orc priests
  5 hounds
  A giant frog zombie (D:9)
  4 worker ants
  6 orc wizards
  An ogre skeleton (D:8)
  14 adders
  3 worms
  3 orc skeletons
  An orc zombie (D:6)
  An adder skeleton (D:4)
  3 giant geckos
  22 orcs
  3 ball pythons
  16 hobgoblins
  3 quokkas
  14 bats
  4 giant cockroaches
  8 giant newts
  2 giant spores (D:7)
  A gnoll skeleton (D:4)
  16 goblins
  A goblin skeleton (D:5)
  6 jackals
  17 kobolds
  A kobold skeleton (D:7)
  11 rats
  A rat skeleton (D:6)
  A rat zombie (D:5)
  A ballistomycete (D:7)
204 creatures vanquished.

Vanquished Creatures (others)
  A deep elf mage (D:8)
1 creature vanquished.

Grand Total: 205 creatures vanquished

Notes
Turn   | Place    | Note
--------------------------------------------------------------
     0 | D:1      | kae, the Demonspawn Ice Elementalist, began the quest for the Orb.
     0 | D:1      | Reached XP level 1. HP: 13/13 MP: 3/3
   283 | D:1      | Reached skill level 3 in Ice Magic
   425 | D:1      | Gained mutation: You have a pair of small horns on your head. [demonic ancestry]
   425 | D:1      | Reached XP level 2. HP: 14/19 MP: 0/4
   743 | D:1      | Learned a level 2 spell: Throw Frost
  1043 | D:2      | Reached XP level 3. HP: 5/24 MP: 3/6
  1940 | D:2      | Gained mutation: You are partially covered in rough black scales (AC +4, Dex -1). [demonic ancestry]
  1940 | D:2      | Reached XP level 4. HP: 18/30 MP: 1/8
  2145 | D:2      | Reached skill level 4 in Ice Magic
  3106 | D:4      | Reached XP level 5. HP: 31/35 MP: 11/11
  3991 | D:4      | Gained mutation: You have a pair of horns on your head. [demonic ancestry]
  3991 | D:4      | Reached XP level 6. HP: 38/41 MP: 13/13
  4142 | D:4      | Reached skill level 5 in Ice Magic
  4536 | D:5      | Entered Level 5 of the Dungeon
  4628 | D:5      | Noticed Prince Ribbit
  4728 | D:4      | Learned a level 4 spell: Throw Icicle
  4979 | D:5      | Killed Prince Ribbit
  4979 | D:5      | Gained mutation: You can steal the life force of nearby defeated enemies. [demonic ancestry]
  4979 | D:5      | Reached XP level 7. HP: 39/46 MP: 4/17
  5053 | D:5      | Reached skill level 6 in Ice Magic
  5421 | D:5      | Gained mutation: You are mostly covered in rough black scales (AC +7, Dex -2). [demonic ancestry]
  5421 | D:5      | Reached XP level 8. HP: 40/52 MP: 13/19
  5539 | D:5      | Found a sparkling altar of Nemelex Xobeh.
  5539 | D:5      | Noticed Menkaure
  5560 | D:5      | Killed Menkaure
  5560 | D:5      | Reached skill level 7 in Ice Magic
  5636 | D:5      | Noticed Dowan
  5639 | D:5      | Noticed Duvessa
  5645 | D:5      | Killed Dowan
  5670 | D:5      | Killed Duvessa
  5670 | D:5      | Reached skill level 5 in Spellcasting
  6090 | D:6      | Reached skill level 5 in Conjurations
  6181 | D:6      | Found a radiant altar of Vehumet.
  6197 | D:6      | Became a worshipper of Vehumet
  6506 | D:6      | Found a staircase to the Ecumenical Temple.
  6523 | D:6      | Reached skill level 8 in Ice Magic
  6973 | D:6      | Found a bloodstained altar of Trog.
  6977 | D:6      | Found an ancient bone altar of Kikubaaqudgha.
  6980 | D:6      | Found a blossoming altar of Fedhas.
  7205 | D:7      | Gained mutation: You are slightly more attuned to the shadows. [demonic ancestry]
  7205 | D:7      | Reached XP level 9. HP: 57/57 MP: 20/22
  7805 | D:7      | Acquired Vehumet's first power
  7805 | D:7      | Offered knowledge of Sting by Vehumet.
  8366 | D:8      | Reached skill level 9 in Ice Magic
  8466 | D:8      | Found a stormy altar of Qazlal.
  8750 | D:9      | Killed from afar by an orc priest

Action                   |  1- 3 |  4- 6 |  7- 9 || total
-------------------------+-------+-------+-------++-------
Melee: Dagger            |    54 |   101 |   130 ||   285
       Unarmed           |     3 |       |       ||     3
 Cast: Freeze            |    44 |   113 |   158 ||   315
       Throw Frost       |       |    22 |    62 ||    84
       Throw Icicle      |       |     6 |    13 ||    19
Evoke: Wand              |       |       |     2 ||     2
  Use: Potion            |     2 |       |       ||     2
       Scroll            |       |     7 |     6 ||    13
 Stab: Sleeping          |     1 |     3 |     6 ||    10
       Distracted        |       |       |     1 ||     1
  Eat: Chunk             |     3 |    10 |    14 ||    27
       Fruit             |       |     2 |       ||     2
